 Dungeon Crawl Stone Soup version 0.30-a0-723-gc1506a1cf0 (webtiles) character file.

Game seed: 2209009204594002474

139 Pooter the Shooter (level 5, 0/46 HPs)
             Began as a Minotaur Hunter on Jan 28, 2023.
             Slain by Grinder (3 damage)
             ... while paralysed by Grinder
             ... on level 3 of the Dungeon.
             The game lasted 00:13:24 (1650 turns).

Pooter the Shooter (Minotaur Hunter)                Turns: 1650, Time: 00:13:25

Health: 0/46       AC:  5    Str: 18    XL:     5   Next: 1%
Magic:  4/4        EV:  2    Int:  6    God:
Gold:   1204       SH:  0    Dex: 13    Spells: 3/4 levels left

rFire   + . .      SeeInvis .    u - +0 falchion (distort) {!w}
rCold   . . .      Faith    .    (no shield)
rNeg    . . .      Spirit   .    c - +0 leather armour
rPois   .          Reflect  .    n - +1 hat
rElec   .          Harm     .    s - +0 cloak
rCorr   .          Rampage  .    (no gloves)
Will    .....                    (no boots)
Stlth   +                        (no amulet)
HPRegen 0.27/turn                F - ring of protection from fire
MPRegen 0.09/turn                (no ring)

@: paralysed
A: horns 2, retaliatory headbutt
a: no special abilities


You were on level 3 of the Dungeon.
You visited 1 branch of the dungeon, and saw 3 of its levels.

You collected 1204 gold pieces.

Inventory:

Hand Weapons
 a - a +0 flail
   (You took it off a gnoll on level 2 of the Dungeon)
 b - a +0 shortbow
 m - a +0 spear
   (You took it off a gnoll on level 2 of the Dungeon)
 r - a +0 short sword
   (You found it on level 1 of the Dungeon)
 u - a +0 falchion of distortion (weapon) {!w}
   (You took it off Terence on level 3 of the Dungeon)
Missiles
 p - 5 poisoned darts (quivered)
 Q - 45 stones
Armour
 c - a +0 leather armour (worn)
 n - a +1 hat (worn)
   (You found it on level 2 of the Dungeon)
 s - a +0 cloak (worn)
   (You found it on level 3 of the Dungeon)
Jewellery
 F - a ring of protection from fire (left hand)
   (You found it on level 1 of the Dungeon)
Scrolls
 d - 2 scrolls of immolation {!r}
 f - a scroll of blinking {unknown}
 h - a scroll of enchant armour
 l - a scroll of magic mapping {unknown}
 q - a scroll of poison {unknown}
 t - 2 scrolls of teleportation {@r4}
Potions
 e - a potion of curing {unknown}
 g - 2 potions of berserk rage {unknown}
 i - a potion of might {unknown}
 o - 2 potions of magic {unknown}


   Skills:
 + Level 3.8 Fighting
 * Level 6.0 Ranged Weapons
 - Level 2.1 Dodging
 - Level 0.7 Stealth
 + Level 1.2 Translocations


You had 3 spell levels left.
You knew the following spells:

 Your Spells              Type           Power      Damage    Failure   Level
c - Apportation           Tloc           2%         N/A       36%         1

Your spell library contained the following spells:

 Spells                   Type           Power      Damage    Failure   Level
 Necrotise                Necr           0%         1d4       52%         1
 Summon Small Mammal      Summ           0%         N/A       52%         1
 Cigotuvi's Dreadful Rot  Necr/Pois/Air  0%         N/A       65%         2
 Poisonous Vapours        Pois/Air       0%         N/A       65%         2
 Portal Projectile        Hex/Tloc       0%         N/A       80%         3
 Mephitic Cloud           Conj/Pois/Air  0%         N/A       87%         3
 Tukima's Dance           Hex            0%         N/A       87%         3
 Passage of Golubria      Tloc           1%         N/A       98%         4
 Blade Hands              Tmut           0%         N/A       100%        5
 Yara's Violent Unravell  Hex/Tmut       0%         3d3       100%        5


Dungeon Overview and Level Annotations

Branches:
Dungeon (3/15)

Altars:

Annotations:
D:3 Grinder


Innate Abilities, Weirdness & Mutations

You have a pair of horns on your head.
You reflexively headbutt those who attack you in melee.


Message History

You hit Terence but do no damage. Your punch misses Terence.
Grinder gestures at you.
You barely resist. Terence hits you but does no damage. Space warps around you.
* * * LOW HITPOINT WARNING * * *
You closely miss Terence. You headbutt Terence! Grinder gestures at you.
You resist with significant effort. Terence closely misses you.
You furiously retaliate!
You headbutt Terence! Grinder hits you.
* * * LOW HITPOINT WARNING * * *
You writhe in agony.
* * * LOW HITPOINT WARNING * * *
Terence closely misses you.
You barely miss Terence.
Grinder says, "I used to sell toenails on the black market."
Grinder barely misses you. Terence barely misses you.
You sock Terence!
You kill Terence!
Grinder barely misses you.
Your Ranged Weapons skill increases to level 6!
You have reached level 5!
You hit Grinder. Grinder closely misses you.
Grinder blinks!
Items here: ! ) [ †.
Okay, then.
Okay, then.
Really wield a +0 falchion of distortion {!w}?
Space warps around you for a moment!
u - a +0 falchion of distortion (weapon)
{!w} You are too injured to fight recklessly!
Throw: 3 javelins
Aim: Grinder (lightly wounded, 53% to hit)
You throw a javelin. The javelin closely misses Grinder.
Throw: 2 javelins
Aim: Grinder (lightly wounded, 53% to hit)
You throw a javelin.
The javelin pierces through Grinder but does no damage.
Grinder blinks!
Throw: javelin
Aim: Grinder (lightly wounded, 53% to hit)
You throw a javelin. The javelin closely misses Grinder.
Grinder blinks!
Throw: throwing net {!f}
Aim: Grinder (lightly wounded, 53% to hit)
You throw a throwing net {!f}.
The throwing net {!f} closely misses Grinder.
Grinder gestures at you.
You suddenly lose the ability to move!
Grinder hits you!
* * * LOW HITPOINT WARNING * * *
You writhe in agony.
You die...

#.##.#.###.....#######
#......†.......#
##########.....# ...#
###'### #.#####.#
#....##.# #.$..##.#
#....(.(# #.@5(####
#....# #...(# #.##.#
...##(# ######.# ..#


You could see Grinder.

Vanquished Creatures
  Terence (D:3)
  3 gnolls (D:2)
  2 adders (D:2)
  A worm (D:3)
  3 dart slugs
  3 ball pythons
  3 bats
  4 endoplasms
  2 giant cockroaches (D:1)
  4 goblins
  2 hobgoblins (D:2)
  10 jackals
  5 kobolds
  3 quokkas
  3 frilled lizards (D:2)
  6 rats
55 creatures vanquished.

Notes
Turn   | Place    | Note
-------+----------+-------------------------------------------
     0 | D:1      | Pooter the Minotaur Hunter began the quest for the Orb.
     0 | D:1      | Reached XP level 1. HP: 18/18 MP: 0/0
   104 | D:1      | Reached XP level 2. HP: 25/25 MP: 1/1
   127 | D:1      | Reached skill level 5 in Ranged Weapons
   352 | D:1      | Learned a level 1 spell: Apportation
   680 | D:2      | Identified a scroll of acquirement
   681 | D:2      | Acquired 1080 gold pieces
   728 | D:2      | Reached XP level 3. HP: 30/31 MP: 2/2
   886 | D:2      | Reached XP level 4. HP: 5/38 MP: 3/3
  1221 | D:2      | Reached skill level 1 in Translocations
  1629 | D:3      | Noticed Terence
  1631 | D:3      | Noticed Grinder
  1631 | D:3      | Paralysed by Grinder for 5 turns
  1640 | D:3      | Killed Terence
  1641 | D:3      | Reached skill level 6 in Ranged Weapons
  1641 | D:3      | Reached XP level 5. HP: 8/46 MP: 4/4
  1647 | D:3      | Paralysed by Grinder for 4 turns
  1650 | D:3      | Slain by Grinder

Illustrated notes

Levels and vault maps discovered:
D:1:      mrwooster_arrival_statue, layout_rooms, kennysheep_small_spiral,
          chequers_jeans
D:2:      layout_rooms, minmay_quadrilaterals
D:3:      layout_basic, uniq_grinder, uniq_crazy_yiuf_cottage, uniq_terence

Skill      XL: |  1  2  3  4 |
---------------+-------------+-----
Ranged Weapons | 5 6 |  6.0
Fighting       | 3 |  3.8
Translocations | 1 |  1.2
Dodging        | |  2.1
Stealth        | |  0.7

Action                     |  1- 3 |  4- 6 || total
---------------------------+-------+-------++-------
  Melee: Short sword       |    33 |     8 ||    41
         Headbutt          |     6 |     5 ||    11
         Flail             |       |    24 ||    24
   Fire: Shortbow          |    39 |    34 ||    73
  Throw: Javelin           |       |     4 ||     4
         Throwing net      |       |     1 ||     1
    Use: Scroll            |     5 |     1 ||     6
 Armour: Leather armour    |     5 |    16 ||    21
  Dodge: Dodged            |    31 |    44 ||    75

Table legend: (Time is in decaauts)
 A = Elapsed time spent in this place.
 B = Non-inter-level travel time spent in this place.
 C = Inter-level travel time spent in this place.
 D = Time resting spent in this place.
 E = Time spent auto-exploring this place.
 F = Levels seen in this place.
 G = Mean time per level.
                   A        B        C        D        E       F      G
               +--------+--------+--------+--------+--------+-----+--------+
         Total |   1666 |   1627 |     39 |    189 |   1052 |   3 |  555.3 |
       Dungeon |   1666 |   1627 |     39 |    189 |   1052 |   3 |  555.3 |
               +--------+--------+--------+--------+--------+-----+--------+

Top non-repeatable levels by time:
     D:2: 733 daAuts
     D:1: 673 daAuts
     D:3: 260 daAuts
